 Dungeon Crawl Stone Soup version 0.31-a0-588-g14bffd4ff3 (webtiles) character file.

Game seed: 15212509123945400630

728 Conn the Magician (level 7, 0/103 HPs)
             Began as an Octopode Fire Elementalist on Aug 19, 2023.
             Slain by a bullfrog (5 damage)
             ... on level 6 of the Dungeon.
             The game lasted 00:10:45 (4623 turns).

Conn the Magician (Octopode Fire Elementalist)      Turns: 4623, Time: 00:10:48

Health: 0/103      AC: 23    Str:  8      XL:     7   Next: 72%
Magic:  14/14      EV:  2    Int: 19      God:
Gold:   267        SH:  0    Dex: 11 (12) Spells: 1/15 levels left

rFire   + + .        s - staff of fire
rCold   + . .        (no shield)
rNeg    . . .        (helmet currently unavailable)
rPois   +            c - amulet of magic regeneration
rElec   +            d - ring of see invisible
rCorr   +            u - +4 ring of slaying
SInv    +            (no ring)
Will    .....        (no ring) Stlth
                     (no ring)
HPRegen 0.37/turn    (no ring)
MPRegen 0.54/turn    (no ring)
                     (no ring)

%: no passive effects
@: berserking, tree-form, resistant, attractive, very quick
A: stationary, stasis, torment immunity, boosted hp, almost no armour,
(amphibious), 8 rings, (camouflage 1), (gelatinous body 1), (nimble swimmer 1),
(tentacles), (poison resistance), robust 1
a: no special abilities


You were on level 6 of the Dungeon.
You were a tree.
You visited 1 branch of the dungeon, and saw 6 of its levels.
You also visited: Sewer.

You collected 267 gold pieces.

Inventory:

Hand Weapons
 b - a +0 dagger
 l - a +2 dagger of freezing
Missiles
 j - a throwing net
Magical Staves
 s - a staff of fire (weapon)
Jewellery
 c - an amulet of magic regeneration (around neck)
 d - a ring of see invisible (left branch)
 u - a +4 ring of slaying (right branch)
Wands
 y - a wand of roots (5)
Scrolls
 e - 5 scrolls of identify {unknown}
 f - a scroll of silence
 k - 3 scrolls of noise {unknown}
 m - 2 scrolls of blinking {unknown}
 v - 2 scrolls of teleportation {unknown}
 w - a scroll of poison {unknown}
Potions
 a - 2 potions of magic
 i - 2 potions of enlightenment
 o - a potion of invisibility
 z - a potion of curing {unknown}


   Skills:
 + Level 0.3 Fighting
 + Level 0.7 Short Blades
 + Level 0.2 Staves
 + Level 2.2 Dodging
 + Level 4.6 Stealth
 * Level 4.7 Spellcasting
 * Level 3.6 Conjurations
 + Level 1.1 Hexes
 * Level 2.1 Summonings
 + Level 4.5 Fire Magic


You had one spell level left.
You knew the following spells:

 Your Spells              Type           Power      Damage    Failure   Level
a - Foxfire               Conj/Fire      100%       2x1d9     2%          1
b - Scorch                Fire           64%        2d7       3%          2
c - Inner Flame           Hex/Fire       22%        N/A       12%         3
d - Flame Wave            Conj/Fire      30%        2d9       24%         4
e - Summon Small Mammal   Summ           48%        N/A       5%          1
f - Call Canine Familiar  Summ           12%        N/A       16%         3

Your spell library contained the following spells:

 Spells                   Type           Power      Damage    Failure   Level
 Apportation              Tloc           8%         N/A       13%         1
 Necrotise                Necr           16%        1d4       13%         1
 Ensorcelled Hibernation  Hex/Ice        12%        N/A       16%         2
 Volatile Blastmotes      Fire/Tloc      38%        2d13      16%         3
 Passwall                 Tmut/Erth      3%         N/A       19%         2
 Tukima's Dance           Hex            8%         N/A       24%         3
 Portal Projectile        Hex/Tloc       12%        N/A       30%         3
 Swiftness                Air            4%         N/A       36%         3
 Leda's Liquefaction      Hex/Erth       3%         N/A       69%         4
 Passage of Golubria      Tloc           4%         N/A       77%         4
 Yara's Violent Unravell  Hex/Tmut       3%         3d4       95%         5
 Enfeeble                 Hex            4%         N/A       100%        7


Dungeon Overview and Level Annotations

Branches:
Dungeon (6/15)              Sewer (visited)
 Temple: D:4-7

Altars:
Trog

Annotations:
D:6 Maggie


Innate Abilities, Weirdness & Mutations

You are a tree.
Your roots penetrate the ground, keeping you stationary.
You cannot be teleported.
You are immune to unholy pain and torment.
Your maximum health is greatly increased.
You cannot wear most types of armour.
((You are amphibious.))
You can wear up to eight rings at the same time.
((Your skin changes colour to match your surroundings (Stealth+).))
((Your rubbery body absorbs attacks. (AC +1, EV +1)))
((You are camouflaged when in or above water. (Stealth+)))
((You have tentacles for arms and can constrict up to eight enemies at once.))
((Your system is resistant to poisons. (rPois)))
You are robust. (+10% HP)


Message History

You feel yourself moving faster!
You feel mighty!
An ufetubus comes into view.
The quasit bites you but does no damage.
The quasit claws you but does no damage. x2
The ufetubus is attracted toward you.
You closely miss the quasit.
The ufetubus shouts!
Your punch misses the quasit.
The quasit bites you but does no damage.
The quasit claws you but does no damage. x2
You closely miss the quasit.
The quasit bites you but does no damage.
The quasit claws you but does no damage. x2
A bullfrog comes into view.
The bullfrog is attracted toward you.
You hit the quasit.
The quasit is heavily wounded.
The quasit bites you but does no damage.
The quasit claws you but does no damage.
The quasit completely misses you.
The bullfrog hits you but does no damage.
Maggie mumbles some strange words.
You closely miss the quasit.
The quasit is heavily wounded.
The bullfrog hits you but does no damage.
The quasit bites you.
* * * LOW HITPOINT WARNING * * *
The quasit claws you.
* * * LOW HITPOINT WARNING * * *
You feel clumsy.
The quasit claws you but does no damage.
Maggie gives herself a magical halo, but it quickly sputters out.
Maggie gestures wildly while chanting.
You hit the quasit! You burn the quasit.
You kill the quasit!
The bullfrog hits you but does no damage.
The centaur shoots an arrow.
The arrow hits you.
* * * LOW HITPOINT WARNING * * *
The bullfrog hits you.
You die...

########
.##......
########.. .....
.........# §..
.........# #F#
...^.....# #♣#
........c# #.#
.........# #c#
.........####S##
............@f5#
#
.######).....5.#
.#
###........##.#
...............#
#.###.........#.#


You could see Maggie, a sleepcap, a bullfrog, a centaur, an adder, a shadow imp
and an ufetubus.

Vanquished Creatures
  2 phantoms
  A bullfrog (D:4)
  3 scorpions
  A hound (D:4)
  A quasit (D:6)
  A jelly (D:5)
  A sleepcap (D:5)
  An orc wizard (D:5)
  3 gnolls (D:2)
  6 adders
  2 river rats (D:3)
  A shadow imp (D:5)
  An ufetubus (D:6)
  2 worms
  4 dart slugs
  12 orcs
  11 endoplasms
  5 giant cockroaches
  5 goblins
  2 hobgoblins (D:1)
  A jackal (D:2)
  3 quokkas
  6 ball pythons
  5 bats
  7 frilled lizards
  16 kobolds
  8 rats
111 creatures vanquished.

Vanquished Creatures (collateral kills)
  10 foxfires (Sewer)
10 creatures vanquished.

Vanquished Creatures (others)
  277 foxfires
277 creatures vanquished.

Grand Total: 398 creatures vanquished

Notes
Turn   | Place    | Note
-------+----------+-------------------------------------------
     0 | D:1      | Conn the Octopode Fire Elementalist began the quest for the
                  | Orb.
     0 | D:1      | Reached XP level 1. HP: 11/11 MP: 3/3
   373 | D:1      | Reached XP level 2. HP: 17/17 MP: 0/5
   976 | D:1      | Reached XP level 3. HP: 21/21 MP: 4/6
  1400 | D:2      | HP: 1/21 [poisoned by an adder]
  1565 | D:2      | Reached XP level 4. HP: 17/27 MP: 4/7
  2188 | D:3      | Learned a level 2 spell: Scorch
  2192 | D:3      | Learned a level 3 spell: Inner Flame
  2194 | D:3      | Learned a level 1 spell: Summon Small Mammal
  2425 | D:3      | Found a bloodstained altar of Trog.
  2638 | D:3      | Reached XP level 5. HP: 20/31 MP: 6/9
  2656 | D:3      | Found a glowing drain.
  2660 | Sewer    | Entered a sewer
  3383 | D:4      | Reached skill level 1 in Summonings
  3383 | D:4      | Reached XP level 6. HP: 33/36 MP: 10/10
  4000 | D:5      | Entered Level 5 of the Dungeon
  4045 | D:5      | Reached skill level 1 in Hexes
  4045 | D:5      | Reached XP level 7. HP: 42/42 MP: 3/12
  4552 | D:5      | Learned a level 4 spell: Flame Wave
  4556 | D:5      | Learned a level 3 spell: Call Canine Familiar
  4605 | D:6      | Noticed Maggie
  4612 | D:6      | Gained mutation: Your system is resistant to poisons.
                  | (rPois) [potion of mutation]
  4612 | D:6      | Gained mutation: You are robust. (+10% HP) [potion of
                  | mutation]
  4623 | D:6      | HP: 5/103 [centaur/arrow (4)]
  4623 | D:6      | Slain by a bullfrog

Illustrated notes

Levels and vault maps discovered:
D:1:      dpeg_arrival_three_bigger_balls, layout_basic,
          corexii_leaking_fountain, nicolae_eternal_life
D:2:      minmay_chambers_of_ones, layout_loops_ring, nicolae_grassy_gnolls
D:3:      layout_loops_ring, mainiacjoe_overflow_cross_hatched,
          lightli_sewer_entry_pipes
D:4:      layout_loops_ring, hex_medium
D:5:      layout_rooms, chequers_decorated_corner
D:6:      layout_basic, nicolae_ashenzari_skybound, zin_scriptorium,
          minmay_temple_entry_antechambers, serial_demonic, serial_demonic_b,
          serial_demonic_f, serial_demonic_f, serial_demonic_f, uniq_maggie

Skill      XL: |  1  2  3  4  5  6  7 |
---------------+----------------------+-----
Stealth        | 3 4 |  4.6
Spellcasting   | 3 4 |  4.7
Conjurations   | 2 3 |  3.6
Summonings     | 1 2 |  2.1
Fire Magic     | 4 |  4.5
Hexes          | 1 |  1.1
Fighting       | |  0.3
Short Blades   | |  0.7
Staves         | |  0.2
Dodging        | |  2.2

Action                     |  1- 3 |  4- 6 |  7- 9 || total
---------------------------+-------+-------+-------++-------
  Melee: Unarmed           |     1 |       |       ||     1
         Dagger            |    16 |    43 |       ||    59
         Constrict         |     6 |    11 |     1 ||    18
         Tentacles         |     2 |     9 |     1 ||    12
         Staff             |       |     6 |     6 ||    12
   Cast: Foxfire           |    45 |    90 |    31 ||   166
         Scorch            |       |     9 |    12 ||    21
         Inner Flame       |       |     1 |     1 ||     2
         Flame Wave        |       |       |     1 ||     1
    Use: Potion            |     2 |       |    12 ||    14
         Scroll            |       |       |     1 ||     1
   Stab: Sleeping          |     4 |    17 |       ||    21
 Armour: Skin              |     3 |     5 |    37 ||    45
  Dodge: Dodged            |    10 |    32 |    30 ||    72

Table legend: (Time is in decaauts)
 A = Elapsed time spent in this place.
 B = Non-inter-level travel time spent in this place.
 C = Inter-level travel time spent in this place.
 D = Time resting spent in this place.
 E = Time spent auto-exploring this place.
 F = Levels seen in this place.
 G = Mean time per level.
                   A        B        C        D        E       F      G
               +--------+--------+--------+--------+--------+-----+--------+
         Total |   4618 |   4504 |    114 |      0 |   3249 |   7 |  659.7 |
       Dungeon |   4322 |   4208 |    114 |      0 |   3076 |   6 |  720.3 |
         Sewer |    295 |    295 |      0 |      0 |    173 |   1 |  295.0 |
               +--------+--------+--------+--------+--------+-----+--------+

Top non-repeatable levels by time:
     D:1: 1318 daAuts
     D:2: 848 daAuts
     D:3: 802 daAuts
     D:4: 731 daAuts
     D:5: 581 daAuts
   Sewer: 295 daAuts
     D:6: 40 daAuts
